 Dungeon Crawl Stone Soup version 0.23-a0-242-g2b5ca64 (webtiles) character file.

429 Dissent the Destroyer (level 6, 0/37 HPs)
             Began as a Tengu Conjurer on Sept 28, 2018.
             Succumbed to a worker ant's poison
             ... on level 5 of the Dungeon.
             The game lasted 00:15:53 (4267 turns).

Dissent the Destroyer (Tengu Conjurer)              Turns: 4267, Time: 00:15:54

Health: 0/37       AC:  2    Str: 10    XL:     6   Next: 98%
Magic:  2/10       EV: 12    Int: 16    God:
Gold:   270        SH:  0    Dex: 14    Spells: 2/9 levels left

rFire    . . .     SeeInvis .   c - -1 club (curse)
rCold    . . .     Gourm    .   (no shield)
rNeg     . . .     Faith    .   a - +0 robe
rPois    .         Spirit   .   (helmet restricted)
rElec    .         Reflect  .   (no cloak)
rCorr    .         Harm     .   (no gloves)
MR       .....                  (boots unavailable)
Stlth    ++........             (no amulet)
HPRegen  0.12/turn              (no ring)
MPRegen  0.12/turn              (no ring)

@: lethally poisoned (0 -> -4)
A: beak, talons 3, able to fly 1
a: Fly


You were on level 5 of the Dungeon.
You were very hungry.

You visited 2 branches of the dungeon, and saw 6 of its levels.

You collected 270 gold pieces.

Inventory:

Hand Weapons
 c - a cursed -1 club (weapon)
   (You took it off a hobgoblin on level 1 of the Dungeon)
 l - a +0 dagger of electrocution
   (You took it off a kobold on level 2 of the Dungeon)
 m - a +2 rapier of protection
   (You found it on level 2 of the Dungeon)
Armour
 a - a +0 robe (worn)
 f - a +1 leather armour
   (You found it on level 1 of the Dungeon)
 k - a +0 ring mail
   (You found it on level 1 of the Dungeon)
Wands
 t - a wand of random effects (66)
   (You took it off Natasha on level 3 of the Dungeon)
Scrolls
 b - a scroll of enchant weapon
 j - 2 scrolls of teleportation {@r4}
 n - 2 scrolls of identify {@r1}
 q - a scroll of amnesia
 s - a scroll of remove curse {unknown}
 u - a scroll of fog {unknown}
Potions
 d - a potion of haste {unknown}
 g - a potion of resistance
 h - 2 potions of curing {@q1}
 i - 3 potions of lignification {!q}
 o - a potion of brilliance {unknown}
 p - a potion of flight {unknown}
Comestibles
 e - 7 rations {!d}
 v - 3 chunks of flesh


   Skills:
 - Level 3.2 Fighting
 + Level 2.5 Armour
 - Level 2.1 Dodging
 - Level 2.0 Stealth
 - Level 2.0 Spellcasting
 + Level 8.8 Conjurations


You had 2 spell levels left.
You knew the following spells:

 Your Spells              Type           Power        Failure   Level  Hunger
a - Magic Dart            Conj           ####         1%          1    #......
s - Searing Ray           Conj           ####..       1%          2    ###....
x - Iskenderun's Mystic   Conj           ####....     5%          4    #####..

Your spell library contained the following spells:

 Spells                   Type           Power        Failure   Level  Hunger
 Dazzling Spray           Conj/Hex       ###...       10%         3    ###....
 Force Lance              Conj/Tloc      ###.....     32%         4    #####..
 Fulminant Prism          Conj/Hex       ###.......   32%         4    #####..


Dungeon Overview and Level Annotations

Branches:
Dungeon (5/15)             Temple (1/1) D:4

Altars:
Ashenzari
Cheibriados
Dithmenos
Elyvilon
Fedhas
Gozag
Hepliaklqana
Kikubaaqudgha
Makhleb
Nemelex Xobeh
Qazlal
Sif Muna
Trog
Uskayaw
Wu Jian
Yredelemnul
Zin
The Shining One

Portals:
Ossuary: D:5


Innate Abilities, Weirdness & Mutations

You have a beak for a mouth.
You have claws for feet.
You can fly.


Message History

You hear the hiss of flowing sand.
There is an entrance to an ossuary on this level.
Hurry and find it before the You hear the slow hiss of an avalanche of sand.
The ice beast barely misses you.
There is a stone staircase leading up here.
Aim: an ice beast (moderately wounded)
The searing ray hits the ice beast. (Press . to maintain the ray.)
You are feeling very hungry.
A bullfrog skeleton comes into view.
The ice beast barely misses you.
The bullfrog skeleton moves out of view.
The searing ray hits the ice beast.
The ice beast hits you.
* * * LOW HITPOINT WARNING * * *
The ice beast freezes you.
* * * LOW HITPOINT WARNING * * *
The searing ray hits the ice beast.
The ice beast misses you.
Without enough magic to sustain it, your searing ray dissipates.
The ice beast barely misses you.
Unknown command.
Aim: an ice beast (almost dead)
The magic dart hits the ice beast.
You kill the ice beast!
Your Armour skill increases to level 2!
A worker ant comes into view.
You open the door.
A mummy comes into view.
Found a sand-covered staircase.
There is a stone staircase leading up here.
You climb upwards.
There is a stone staircase leading down here.
You climb downwards.
You hear the hiss of flowing sand.
There is an entrance to an ossuary on this level.
Hurry and find it before the You hear the slow hiss of an avalanche of sand.
The worker ant bites you!
* * * LOW HITPOINT WARNING * * *
You are poisoned.
The worker ant poisons you! The worker ant closely misses you.
There is a stone staircase leading up, spattered with blood here.
Aim: a worker ant The searing ray misses the worker ant. (Press . to maintain the ray.)
You feel sick. The worker ant barely misses you.
The searing ray hits the worker ant.
The worker ant bites you.
* * * LOW HITPOINT WARNING * * *
The worker ant misses you.
The searing ray hits the worker ant.
You kill the worker ant!
You die...

## #.### ##M ....#
##.. ..#.### ...
.#.....
.#####'#####.......
.............#.....
......#.........#
..... #....@....#
#### #..#.##..##
#..#..# .#
#..##.#..#
#........#
##.......#
.....$..###
...#######.. #.
#...


There were no monsters in sight!

Vanquished Creatures
  An ice beast (D:5)
  Ijyb (D:3)
  Terence (D:3)
  Natasha (thrice) (D:3)
  3 worker ants
  A hound skeleton (D:4)
  An adder (D:2)
  3 gnolls (D:3)
  An ooze (D:2)
  2 adder skeletons (D:4)
  2 worms (D:2)
  3 dart slugs
  6 leopard geckos
  2 orcs (D:4)
  8 bats
  3 giant cockroaches
  5 goblins
  3 hobgoblins
  4 jackals
  2 quokkas
  A ball python (D:1)
  5 frilled lizards
  6 kobolds
  5 rats
72 creatures vanquished.

Notes
Turn   | Place    | Note
-------+----------+-------------------------------------------
     0 | D:1      | Dissent the Tengu Conjurer began the quest for the Orb.
     0 | D:1      | Reached XP level 1. HP: 10/10 MP: 4/4
   174 | D:1      | Reached XP level 2. HP: 15/15 MP: 0/6
   263 | D:1      | Reached skill level 6 in Conjurations
   434 | D:1      | Reached XP level 3. HP: 18/19 MP: 1/7
   755 | D:2      | Learned a level 2 spell: Searing Ray
  1124 | D:2      | Reached skill level 1 in Fighting
  1309 | D:2      | Reached skill level 7 in Conjurations
  1309 | D:2      | Reached XP level 4. HP: 16/25 MP: 3/8
  1806 | D:2      | Found an opulent altar of Gozag.
  1918 | D:3      | Noticed Natasha
  1924 | D:3      | Killed Natasha
  2029 | D:3      | Noticed Terence
  2094 | D:3      | Killed Terence
  2094 | D:3      | Gained mutation: You can fly. [Tengu growth]
  2094 | D:3      | Reached XP level 5. HP: 11/30 MP: 0/9
  2570 | D:3      | Noticed Natasha
  2576 | D:3      | Killed Natasha
  2661 | D:3      | Found a glowing silver altar of Zin.
  2661 | D:3      | Found a glowing golden altar of the Shining One.
  2676 | D:3      | Found an ancient bone altar of Kikubaaqudgha.
  2736 | D:3      | Found a deep blue altar of Sif Muna.
  2852 | D:3      | Found a blossoming altar of Fedhas.
  2905 | D:3      | Noticed Ijyb
  2911 | D:3      | Killed Ijyb
  2911 | D:3      | Reached skill level 8 in Conjurations
  3049 | D:3      | Noticed Natasha
  3056 | D:3      | Killed Natasha
  3056 | D:3      | Reached XP level 6. HP: 30/37 MP: 3/10
  3353 | D:4      | Found a staircase to the Ecumenical Temple.
  3364 | D:4      | Reached skill level 1 in Armour
  3378 | Temple   | Entered the Ecumenical Temple
  3675 | D:4      | Learned a level 4 spell: Iskenderun's Mystic Blast
  4124 | D:5      | Entered Level 5 of the Dungeon
  4127 | D:5      | Noticed an ice beast
  4216 | D:5      | Killed an ice beast
  4221 | D:5      | Found a sand-covered staircase.
  4266 | D:5      | HP: 1/37 [worker ant (5)]
  4267 | D:5      | Succumbed to a worker ant's poison

Vault maps used:
D:1:      dpeg_arrival_pond
D:2:      nicolae_overflow_hidden_temple
D:3:      lemuel_coloured_pillars_altar, lemuel_crystal_altar,
          nicolae_overflow_crystal_walls, grunt_temple_overflow_open,
          hex_medium, uniq_natasha, uniq_terence, uniq_ijyb
D:4:      cheibrodos_quashed, temple_statues, first_ration
D:5:      nicolae_ru_awakened_eye, gup_ossuary_entry_pyramid,
          minmay_misc_feat_x, corexii_item_surrounded_by_moat
Temple:   nicolae_temple_hex_pool

Skill      XL: |  1  2  3  4  5  6 |
---------------+-------------------+-----
Conjurations   | 6 7 8 |  8.8
Fighting       | 1 2 3 |  3.2
Armour         | 2 |  2.5
Dodging        | |  2.1
Stealth        | |  2.0
Spellcasting   | |  2.0

Action                   |  1- 3 |  4- 6 || total
-------------------------+-------+-------++-------
Melee: Unarmed           |     4 |       ||     4
       Club              |    14 |    25 ||    39
       Kick              |     3 |     5 ||     8
       Peck              |     1 |     7 ||     8
 Cast: Magic Dart        |    84 |    54 ||   138
       Searing Ray       |     1 |    22 ||    23
  Use: Scroll            |       |     9 ||     9
       Potion            |       |     1 ||     1
 Stab: Sleeping          |     1 |     1 ||     2
  Eat: Chunk             |     3 |    10 ||    13
Armor: Robe              |    17 |     8 ||    25
Dodge: Dodged            |    27 |    38 ||    65

Table legend:
 A = Non-vault XP
 B = Vault XP
 C = Vault XP percentage of total XP
 D = Non-vault monster count
 E = Vault monster count
 F = Vault count percentage of total count
                 A         B        C        D         E       F
            +---------+---------+-------+---------+---------+-------
      Total |     505 |     109 |  17.8 |      69 |       3 |   4.2
            +---------+---------+-------+---------+---------+-------
        D:1 |      40 |       0 |   0.0 |      21 |       0 |   0.0
        D:2 |      64 |       0 |   0.0 |      22 |       0 |   0.0
        D:3 |     126 |     109 |  46.4 |      13 |       3 |  18.8
        D:4 |     107 |       0 |   0.0 |      10 |       0 |   0.0
        D:5 |     168 |       0 |   0.0 |       3 |       0 |   0.0
            +---------+---------+-------+---------+---------+-------
